 Seeded DCSS version 0.29-a0-393-g47a863c (webtiles) character file.

Game seed: 815347129118900941 (custom seed)

52 Illumine the Charlatan (level 4, 18/32 HPs)
             Began as a Human Artificer on May 3, 2022.
             Quit the game on level 2 of the Dungeon on May 9, 2022.
             The game lasted 00:03:12 (1601 turns).

Illumine the Charlatan (Human Artificer)            Turns: 1601, Time: 00:03:12

Health: 18/32      AC: 11    Str: 15    XL:     4   Next: 8%
Magic:  4/4        EV:  4    Int: 11    God:
Gold:   56         SH:  0    Dex: 13    Spells: 3/3 levels left

rFire   . . .      SeeInvis .   p - +2 dagger (venom)
rCold   . . .      Faith    .   (no shield)
rNeg    . . .      Spirit   .   f - +0 plate armour
rPois   .          Reflect  .   (no helmet)
rElec   .          Harm     .   (no cloak)
rCorr   .          Rampage  .   (no gloves)
Will    .....                   (no boots)
Stlth   ..........              (no amulet)
HPRegen 0.10/turn               (no ring)
MPRegen 0.09/turn               (no ring)

@: no status effects
A: no striking features
a: no special abilities


You were on level 2 of the Dungeon.
You visited 1 branch of the dungeon, and saw 2 of its levels.

You collected 56 gold pieces.

Inventory:

Hand Weapons
 a - a +0 club
 g - a +0 short sword of holy wrath
 p - a +2 dagger of venom (weapon)
Armour
 b - a +0 leather armour
 f - a +0 plate armour (worn)
Wands
 c - a wand of flame (14) (quivered)
 d - a wand of charming (13)
 e - a wand of iceblast (8)
Scrolls
 h - a scroll of blinking {unknown}
 k - a scroll of enchant weapon {unknown}
 l - 2 scrolls of identify {unknown}
Potions
 i - a potion of curing
 j - a potion of haste {unknown}
 m - a potion of mutation {unknown}
 o - a potion of degeneration {unknown}


   Skills:
 - Level 1.6 Fighting
 * Level 2.1 Short Blades
 - Level 0.6 Maces & Flails
 + Level 2.7 Armour
 - Level 1.0 Dodging
 - Level 1.0 Stealth
 - Level 3.0 Evocations


You had 3 spell levels left.
You didn't know any spells.
Your spell library was empty.

Dungeon Overview and Level Annotations

Branches:
Dungeon (2/15)

Altars:


Message History

Found 3 scrolls labelled KAMAIMO XESEOSIUG.
Found 26 stones.
The bat hits you but does no damage. The bat hits you but does no damage.
Found a ring mail.
The bat hits you but does no damage.
You hit the worm.
The worm is poisoned.
The worm is lightly wounded.
The bat hits you but does no damage. The worm bites you but does no damage.
You hit the worm.
The worm looks as sick as possible!
The worm is lightly wounded.
The bat hits you but does no damage.
You hit the worm.
The worm looks as sick as possible!
The worm is heavily wounded.
The bat hits you but does no damage. The worm bites you.
You hit the worm.
The worm looks as sick as possible!
The worm is heavily wounded.
The bat closely misses you.
You barely miss the worm.
The worm is severely wounded.
The bat hits you but does no damage. The worm bites you!
You hit the worm.
The worm looks as sick as possible!
The worm is severely wounded.
The bat hits you.
You barely miss the worm.
The worm is almost dead.
The bat hits you but does no damage. The worm bites you.
The bat hits you but does no damage.
You hit the worm.
You kill the worm!
The bat barely misses you.
You hit the bat.
The bat is poisoned.
The bat is severely wounded.
You kill the bat!
You are too injured to fight recklessly!
You see here a worm corpse.
A goblin comes into view. It is wielding a +0 dagger.
Save game and exit?
Welcome back, Illumine the Human Artificer.
Game seed: 815347129118900941 (custom seed) Press ? for a list of commands and other information.
Are you sure you want to abandon this character and quit the game? (Confirm with "yes".)

########..# #..
######## .#.
##......## .#.# #
##........## .#.
#..........####...g
#..................
#..................
#..........@...##.
#...............(..
#.....<...........
#......†...........
#..................
#..................
#...........$......
#.......)..........
##.............?..


You could see a goblin (wandering).

Vanquished Creatures
  A worm (D:2)
  2 endoplasms (D:1)
  4 giant cockroaches (D:1)
  6 goblins (D:1)
  A hobgoblin (D:1)
  6 jackals (D:1)
  4 kobolds (D:1)
  2 quokkas (D:1)
  9 ball pythons (D:1)
  5 bats
  A frilled lizard (D:1)
  2 rats (D:1)
43 creatures vanquished.

Vanquished Creatures (others)
  A jackal (D:1)
  A rat (D:1)
2 creatures vanquished.

Grand Total: 45 creatures vanquished

Notes
Turn   | Place    | Note
-------+----------+-------------------------------------------
     0 | D:1      | Illumine the Human Artificer began the quest for the Orb.
     0 | D:1      | Reached XP level 1. HP: 15/15 MP: 1/1
   160 | D:1      | Reached XP level 2. HP: 21/21 MP: 2/2
   172 | D:1      | Found a faded altar of an unknown god.
   537 | D:1      | Reached skill level 1 in Short Blades
   537 | D:1      | Reached XP level 3. HP: 22/26 MP: 3/3
  1539 | D:2      | Reached XP level 4. HP: 29/32 MP: 4/4
  1601 | D:2      | Upgraded the game from 0.29-a0-372-g06c70da to
                  | 0.29-a0-393-g47a863c
  1601 | D:2      | Quit the game

Illustrated notes

Levels and vault maps discovered:
D:1:      dpeg_arrival_concentric_ovals, layout_basic,
          chequers_ecumenical_altar_simple_redux
D:2:      layout_rooms, minmay_shallow_snake_nest

Skill      XL: |  1  2  3 |
---------------+----------+-----
Short Blades   | 1 2 |  2.1
Fighting       | |  1.6
Maces & Flails | |  0.6
Armour         | |  2.7
Dodging        | |  1.0
Stealth        | |  1.0
Evocations     | |  3.0

Action                   |  1- 3 |  4- 6 || total
-------------------------+-------+-------++-------
Melee: Club              |    18 |       ||    18
       Short sword       |   111 |       ||   111
       Dagger            |    20 |     9 ||    29
       Punch             |     2 |       ||     2
Evoke: Wand              |     4 |       ||     4
  Use: Potion            |     1 |       ||     1
Armor: Plate armour      |   176 |    10 ||   186
       Leather armour    |     1 |       ||     1
Dodge: Dodged            |    45 |     2 ||    47

Table legend: (Time is in decaauts)
 A = Elapsed time spent in this place.
 B = Non-inter-level travel time spent in this place.
 C = Inter-level travel time spent in this place.
 D = Time resting spent in this place.
 E = Time spent auto-exploring this place.
 F = Levels seen in this place.
 G = Mean time per level.
                   A        B        C        D        E       F      G
               +--------+--------+--------+--------+--------+-----+--------+
         Total |   1612 |   1568 |     44 |    241 |    925 |   2 |  806.0 |
       Dungeon |   1612 |   1568 |     44 |    241 |    925 |   2 |  806.0 |
               +--------+--------+--------+--------+--------+-----+--------+

Top non-repeatable levels by time:
     D:1: 1535 daAuts
     D:2: 77 daAuts
